 Dungeon Crawl Stone Soup version 0.16-a0-249-g5922f4d (webtiles) character file.

22 MRaven the Vexing (level 2, 0/21 HPs)
             Began as a Demonspawn Enchanter on Aug 22, 2014.
             Slain by a bat (1 damage)
             ... on Level 1 of the Dungeon.
             The game lasted 00:10:27 (1370 turns).

MRaven the Vexing (Demonspawn Enchanter)            Turns: 1370, Time: 00:10:27

HP   0/21        AC  5     Str  8      XL: 2   Next: 68%
MP   0/4         EV 12     Int 16      God:
Gold 44          SH  0     Dex 13      Spells:  2 memorised,  2 levels left

rFire  . . .     SeeInvis .     a - +1 dagger
rCold  . . .     Clarity  .     b - +1 robe
rNeg   . . .     rCorr    .     (no shield)
rPois  .         rRot     .     (no helmet)
rElec  .         Spirit   .     (no cloak)
SustAb .         Warding  .     (no gloves)
rMut   .         Stasis   .     (no boots)
Gourm  .                        (no amulet)
MR     .....                    (no ring)
                                (no ring)

@: very slightly contaminated, not resistant to hostile enchantments, unstealthy
A: slimy green scales 1
a: no special abilities


You were on level 1 of the Dungeon.
You were near starving.

You visited 1 branch of the dungeon, and saw 2 of its levels.

You collected 44 gold pieces.

Inventory:

Hand weapons
 a - a +1 dagger (weapon)
Missiles
 e - 13 stones (quivered)
Armour
 b - a +1 robe (worn)
Comestibles
 d - a bread ration
Scrolls
 f - a scroll of amnesia
 h - a scroll of identify
 i - a scroll of remove curse
Books
 c - a book of Maledictions

   Spells                             Type                      Level
   *Corona                            Hexes                        1
   Sure Blade                         Hexes/Charms                 2
   *Ensorcelled Hibernation           Hexes/Ice                    2
   Confuse                            Hexes                        3
   Dazzling Spray                     Conjuration/Hexes            3
   Enslavement                        Hexes                        4


   Skills:
 + Level 1.5 Fighting
 - Level 0.8 Short Blades
 - Level 1.7 Dodging
 - Level 2.6 Stealth
 - Level 2.0 Spellcasting
 + Level 3.5 Hexes


You had 2 spell levels left.
You knew the following spells:

 Your Spells              Type           Power        Failure   Level  Hunger
a - Corona                Hex            ##.....      6%          1    #......
b - Ensorcelled Hibernat  Hex/Ice        #.....       17%         2    ###....


Dungeon Overview and Level Annotations

Branches:
Dungeon (2/15)

Altars:
The Shining One

Annotations:
D:1 Terence


Innate Abilities, Weirdness & Mutations

You are partially covered in slimy green scales (AC +2).


Message History

The bat barely misses you.
You closely miss the bat.
The bat is moderately wounded.
The bat barely misses you.
You miss the bat.
The bat is moderately wounded.
The bat barely misses you. x2
The bat hits you.
* * * LOW HITPOINT WARNING * * *
The bat misses you. The bat hits you but does no damage.
Casting: Ensorcelled Hibernation
Confirm with . or Enter, or press ? or * to list all spells.
Aiming: Ensorcelled Hibernation
Press: ? - help, Shift-Dir - straight line, f/p - Terence
Aim: Terence, wielding a short sword and wearing a scale mail (almost dead)
You miscast Ensorcelled Hibernation.
You are very lightly contaminated with residual magic.
Nothing appears to happen.
The bat hits you.
You die...

#...#.........#####
..............##
...............##
.#...#..........#
.##...........#.#
.##...........#)##
..#...........#.@#
#.............##b#
###....#........@#
#......#....(..#
###.....###......#
......[..##......###
###...##...........######
##..####.##......#.##...##
.........##......#.#.....#
#..####..........#.......#
...## ###................#


You could see Terence and a bat.

Vanquished Creatures
  A giant gecko (D:1)
  An ooze (D:1)
  A giant cockroach (D:1)
  5 goblins
  5 hobgoblins (D:1)
  A kobold (D:1)
  2 giant newts (D:1)
  2 rats (D:1)
18 creatures vanquished.

Notes
Turn   | Place    | Note
--------------------------------------------------------------
     0 | D:1      | MRaven, the Demonspawn Enchanter, began the quest for the Orb.
     0 | D:1      | Reached XP level 1. HP: 13/13 MP: 3/3
   273 | D:1      | Reached skill level 1 in Fighting
   281 | D:1      | Gained mutation: You are partially covered in slimy green scales (AC +2). [demonic ancestry]
   281 | D:1      | Reached XP level 2. HP: 15/21 MP: 1/4
   383 | D:1      | Learned a level 2 spell: Ensorcelled Hibernation
   873 | D:1      | Found a glowing golden altar of the Shining One.
  1129 | D:2      | Noticed Terence
  1348 | D:1      | HP: 1/21 [Terence/short sword (1)]
  1368 | D:1      | HP: 1/21 [bat (1)]
  1370 | D:1      | Slain by a bat

Action                   || total
-------------------------++-------
Melee: Dagger            ||    95
Throw: Stone             ||    18
 Cast: Corona            ||     8
       Ensorcelled Hiber ||    15
  Use: Scroll            ||     3
 Stab: Sleeping          ||     8
  Eat: Chunk             ||     1
